 Dungeon Crawl Stone Soup version 0.27.1-4-g1640c2035a (webtiles) character file.

Game seed: 5357842102201892004

45 Descartes the Changer (level 3, -2/14 HPs)
             Began as a Felid Wanderer on Nov 1, 2021.
             Slain by a hobgoblin (4 damage)
             ... led by Robin
             ... on level 2 of the Dungeon.
             The game lasted 00:03:57 (3429 turns).

Descartes the Changer (Felid Wanderer)              Turns: 3429, Time: 00:03:57

Health: -2/14      AC:  1    Str: 10    XL:     3   Next: 42%
Magic:  4/4        EV: 17    Int: 13    God:
Gold:   96         SH:  0    Dex: 14    Spells: 2/2 levels left
                                        Lives:  0   Deaths: 0

rFire    . . .     SeeInvis +     - Unarmed
rCold    . . .     Faith    .   (shield unavailable)
rNeg     . . .     Spirit   .   (armour unavailable)
rPois    .         Reflect  .   (helmet unavailable)
rElec    .         Harm     .   (cloak unavailable)
rCorr    .         Rampage  .   (gloves unavailable)
Will     .....                  (boots unavailable)
Stlth    ++........             (no amulet)
HPRegen  0.04/turn              (no ring)
MPRegen  0.09/turn              (no ring)

@: quick
A: very small, claws 1, fangs 3, see invisible, speed 1, shaggy fur 1, stealthy
paws, no weapons or thrown items, no armour, multi-lived
a: no special abilities


You were on level 2 of the Dungeon.
You visited 1 branch of the dungeon, and saw 3 of its levels.

You collected 96 gold pieces.

Inventory:

Missiles
 c - 50 stones
Scrolls
 b - a scroll of immolation {unknown}
 d - 2 scrolls of noise {unknown}
 e - a scroll of magic mapping {unknown}
 h - a scroll of acquirement {unknown}
 i - a scroll of blinking {unknown}
Potions
 a - a potion of brilliance {unknown}
 f - a potion of curing {unknown}
 g - 2 potions of magic {unknown}
 j - a potion of degeneration {unknown}
 k - 2 potions of flight {unknown}


   Skills:
 + Level 2.8 Dodging
 - Level 2.6 Stealth
 + Level 2.1 Unarmed Combat
 - Level 1.0 Necromancy
 - Level 5.4 Transmutations
 - Level 1.7 Earth Magic


You had 2 spell levels left.
You didn't know any spells.
Your spell library contained the following spells:

 Spells                   Type           Power      Damage    Failure   Level
 Sting                    Tmut/Pois      28%        1d4       11%         1
 Passwall                 Tmut/Erth      7%         N/A       11%         2
 Sandblast                Erth           8%         2d5       16%         1
 Freeze                   Ice            0%         1d3       30%         1
 Shock                    Conj/Air       0%         1d3       30%         1
 Ignite Poison            Fire/Tmut/Pois 4%         N/A       41%         3
 Stone Arrow              Conj/Erth      4%         3d7       54%         3
 Petrify                  Tmut/Erth      9%         N/A       56%         4
 Frozen Ramparts          Ice            0%         1d2       67%         3
 Swiftness                Air            0%         N/A       67%         3
 Hailstorm                Conj/Ice       0%         3d3       97%         4
 Bolt of Magma            Conj/Fire/Erth 0%         4d4       100%        5
 Shatter                  Erth           2%         3d6*      100%        9


Dungeon Overview and Level Annotations

Branches:
Dungeon (3/15)

Altars:

Shops:
D:1 =

Annotations:
D:3 Robin


Innate Abilities, Weirdness & Mutations

You have sharp claws.
You have razor-sharp teeth.
You have supernaturally acute eyesight. (SInv)
You cover ground quickly. (Speed+)
You are covered in fur. (AC +1)
Your paws help you pounce on unaware monsters.
You are incapable of wielding weapons or throwing items.
You cannot wear armour.
You gain extra lives every three experience levels.


Message History

No target in view!
Things that are here:
a +0 short sword; a kobold corpse No target in view!
You see here a +0 dagger.
Done exploring.
Done exploring.
You see here a +0 dagger.
There is an escape hatch in the floor here.
There is a stone staircase leading down here.
You climb downwards.
There is a stone staircase leading up here.
A worm, 2 goblins and a hobgoblin come into view.
Found a stone staircase leading up.
The hobgoblin shouts!
The goblin shouts!
You hear a shout! x2
There is a stone staircase leading up here.
The goblin shouts! x2
A hobgoblin comes into view.
The goblin shouts!
The goblin completely misses you.
You climb upwards.
There is a stone staircase leading down here.
You scratch the goblin.
You kill the goblin!
You climb downwards.
Level annotation: Robin The hobgoblin hits you.
The goblin closely misses you. The hobgoblin misses you.
The goblin barely misses you.
Robin roars a battlecry!
The goblins go into a battle-frenzy!
There is a stone staircase leading up here.
The goblin unwields a +0 dagger.
The goblin wields a +0 hunting sling.
The goblin shoots a stone.
The stone closely misses you. The hobgoblin hits you.
The goblin hits you with a +0 club.
* * * LOW HITPOINT WARNING * * *
The hobgoblin closely misses you.
You climb upwards.
There is a stone staircase leading down here.
You closely miss the goblin. The hobgoblin hits you.
You die...

#.............#####.##########
#.............................
##########.#.........#####.###
#.#.........# #.# #
#[#.........# #.# #
#.#.......).# #)# #
#.#....)....# #.# #
#.##g############.###
#.##@gg..............
#.################### #####
#...................#
####...#######################.#
#......'.........# #.#
#.##...###.....#.# #.# #.##..[#
#.###.#.# #.#
#.##...###.###.#.#############.#
#.#####........................#


You could see 2 hobgoblins and a goblin (strong).

Vanquished Creatures
  A worm (D:2)
  2 dart slugs
  6 bats
  2 endoplasms
  3 giant cockroaches (D:2)
  5 goblins
  A hobgoblin (D:2)
  2 quokkas (D:2)
  2 ball pythons
  6 kobolds
  5 rats
35 creatures vanquished.

Vanquished Creatures (others)
  A plant (D:2)
1 creature vanquished.

Grand Total: 36 creatures vanquished

Notes
Turn   | Place    | Note
-------+----------+-------------------------------------------
     0 | D:1      | Descartes the Felid Wanderer began the quest for the Orb.
     0 | D:1      | Descartes set off with the following items: ; and the
                  | following spells available to memorise: Sting, Passwall,
                  | Sandblast, Shock, Ignite Poison, Stone Arrow, Petrify,
                  | Swiftness
     0 | D:1      | Reached XP level 1. HP: 7/7 MP: 2/2
   524 | D:1      | Reached skill level 1 in Dodging
   538 | D:1      | Reached skill level 1 in Unarmed Combat
   872 | D:1      | Reached XP level 2. HP: 6/11 MP: 3/3
  1173 | D:1      | Found Juceg's Jewellery Emporium.
  2313 | D:2      | Found a faded altar of an unknown god.
  2502 | D:2      | Reached XP level 3. HP: 10/14 MP: 4/4
  3422 | D:3      | Noticed Robin
  3429 | D:2      | Slain by a hobgoblin

Illustrated notes

Levels and vault maps discovered:
D:1:      pf_arrival_petrified_forest, layout_basic, serial_shops, shop
D:2:      layout_basic, shapermc_ecumenical_altar_acropolis, minmay_circled_x
D:3:      layout_basic, cheibrodos_ashenzari_chains,
          mainiacjoe_overflow_chevrons, nicolae_sif_muna_little_library,
          serial_shops, shop, nicolae_shop_behind_doors,
          gammafunk_ghost_nasty_kobolds, uniq_robin, uniq_jessica

Skill      XL: |  1  2  3 |
---------------+----------+-----
Dodging        | 1 2 |  2.8
Unarmed Combat | 1 2 |  2.1
Stealth        | |  2.6
Necromancy     | |  1.0
Transmutations | |  5.4
Earth Magic    | |  1.7

Action                   || total
-------------------------++-------
Melee: Unarmed           ||   110
       Bite              ||     8
 Stab: Sleeping          ||     4
Armor: Skin              ||     3
Dodge: Dodged            ||   102
